 Dungeon Crawl Stone Soup version 0.21.1-1-g345015fe64 (webtiles) character file.

40714 skiige the Severer (level 13, 0/119 HPs)
             Began as a Minotaur Berserker on July 22, 2018.
             Was a High Priest of Trog.
             Slain by a black mamba (5 damage)
             ... on level 6 of the Lair of Beasts.
             The game lasted 01:25:27 (13600 turns).

skiige the Severer (Minotaur Berserker)            Turns: 13600, Time: 01:25:28

Health: 0/119      AC: 12    Str: 30    XL:     13   Next: 76%
Magic:  12/12      EV: 13    Int:  8    God:    Trog [*****.]
Gold:   1096       SH:  3    Dex: 13    Spells: 12/12 levels left

rFire    + . .     SeeInvis .   I - +5 executioner's axe "Refruhop" {chop, rF+ rN+}
rCold    . . .     Gourm    .   (shield currently unavailable)
rNeg     + + .     Faith    .   H - +5 chain mail of Litatud {-Tele Str+4 Int+4}
rPois    .         Spirit   .   (helmet restricted)
rElec    .         Reflect  +   l - +0 cloak
rCorr    .         Harm     .   G - +1 pair of gloves
MR       ++...     NoTele   +   h - +1 pair of boots
Stlth    ..........             T - +3 amulet of reflection
HPRegen  1.29/turn              A - +2 ring of dexterity
MPRegen  0.13/turn              F - ring of positive energy

@: lethally poisoned (0 -> 0), corroded, berserk cooldown, regenerating, slowed,
very slow
A: retaliatory headbutt, horns 2
a: Berserk, Trog's Hand, Brothers in Arms, Burn Spellbooks, Renounce Religion


You were on level 6 of the Lair of Beasts.
You worshipped Trog.
Trog was extremely pleased with you.
You were not hungry.

You visited 3 branches of the dungeon, and saw 16 of its levels.

You collected 1096 gold pieces.

Inventory:

Hand Weapons
 z - a +1 antimagic battleaxe
 E - a +3 broad axe of freezing
 I - the +5 executioner's axe "Refruhop" (weapon) {chop, rF+ rN+}
   (Trog gifted it to you on level 9 of the Dungeon)

   It inflicts extra damage upon your enemies.
   It protects you from fire.
   It protects you from negative energy.
 R - a +4 scimitar of flaming
Armour
 h - a +1 pair of boots (worn)
 l - a +0 cloak (worn)
 y - a +0 plate armour
 G - a +1 pair of gloves (worn)
 H - the +5 chain mail of Litatud (worn) {-Tele Str+4 Int+4}
   (You found it on level 9 of the Dungeon)

   It affects your strength (+4).
   It affects your intelligence (+4).
   It prevents most forms of teleportation.
Jewellery
 j - an uncursed amulet of magic regeneration
 A - a +2 ring of dexterity (left hand)
 F - a ring of positive energy (right hand)
 T - a +3 amulet of reflection (around neck)
 U - an uncursed ring of ice
 W - an uncursed ring of see invisible
 Y - an uncursed ring of positive energy
Wands
 r - a wand of iceblast (20)
 J - a wand of acid (14)
 Q - a wand of random effects (62)
Scrolls
 a - a scroll of vulnerability {unknown}
 d - a scroll of identify
 g - 6 scrolls of fog
 k - 14 scrolls of remove curse
 n - 4 scrolls of teleportation
 q - 2 scrolls of magic mapping
 s - a scroll of immolation
 v - a scroll of enchant armour {unknown}
 C - 3 scrolls of enchant weapon
 L - a scroll of summoning {unknown}
 M - a scroll of brand weapon {unknown}
 X - a scroll of blinking {unknown}
 Z - 2 scrolls of fear
Potions
 f - 3 potions of curing
 i - 2 potions of flight {unknown}
 o - 3 potions of agility
 p - 5 potions of brilliance
 u - 2 potions of ambrosia {unknown}
 w - 2 potions of might
 x - a potion of mutation {unknown}
 B - a potion of lignification {unknown}
 D - 4 potions of degeneration {unknown}
 K - a potion of haste {unknown}
 N - a potion of berserk rage {unknown}
 O - a potion of heal wounds {unknown}
 P - 2 potions of resistance {unknown}
Miscellaneous
 S - a phial of floods
Comestibles
 c - 19 rations


   Skills:
 + Level 12.9 Fighting
 + Level 3.7 Long Blades
 + Level 19.3 Axes
 + Level 12.6 Armour
 + Level 6.6 Dodging
 + Level 2.5 Stealth


You had 12 spell levels left.
You didn't know any spells.

Dungeon Overview and Level Annotations

Branches:
Dungeon (9/15)             Temple (0/1) D:4            Lair (6/6) D:9
  Swamp (1/4) Lair:4        Snake (0/4) Lair:2
  Slime: Lair:5-6       Orc: D:9-12

Altars:
Cheibriados
Elyvilon
Fedhas
Makhleb
Qazlal
Wu Jian
Xom
The Shining One

Shops:
D:9 :

Annotations:
Lair:6 exclusion: oklob plant


Innate Abilities, Weirdness & Mutations

You reflexively headbutt those who attack you in melee.
You have a pair of horns on your head.


Message History

The black mamba barely misses you. The black mamba misses you.
You feel very sick. The black mamba closely misses you.
You feel very sick.
The black mamba bites you but does no damage.
You block the black mamba's attack.
You feel the effects of Trog's Hand fading.
You feel sick. The black mamba bites you.
* * * LOW HITPOINT WARNING * * *
The black mamba misses you. You furiously retaliate!
You headbutt the black mamba, but do no damage.
You feel sick. The black mamba barely misses you. You furiously retaliate!
You headbutt the black mamba!
You feel sick. The black mamba bites you.
* * * LOW HITPOINT WARNING * * *
The black mamba barely misses you.
You feel sick.
The black mamba bites you but does no damage.
The black mamba bites you.
You die...

#.......<..÷...#.####.#.P
#P.......÷÷#.#.## ####.
#......#†##### ##
#....P.÷## # ####....## #
#.......# # #...#...## #
##.......# ###.....@P.#
...#..#S..# ##.##.#...#
##...#...## ##...#....##
#........[.# ........#..#
#........#.#
...........##


You could see a black mamba.

Vanquished Creatures
  The ghost of Dyme the Warrior, an adept GrVM of Ashenzari (Lair:5)
  Kirke (Lair:5)
  A thorn hunter (Swamp:1)
  6 hydras
  Erica (Lair:2)
  Fannar (Lair:2)
  A catoblepas (Lair:3)
  2 two-headed ogres (D:8)
  The ghost of Bergy the Basher, a novice MiFi of Makhleb (D:7)
  Nergalle (Lair:3)
  The ghost of dracomuter the Skirmisher, a novice HuWn (D:5)
  A cyclops (D:9)
  6 black mambas
  6 spiny frogs
  6 komodo dragons
  A queen bee (D:9)
  2 polar bears
  12 hippogriffs
  18 blink frogs
  Prince Ribbit (D:7)
  Sigmund (D:4)
  29 yaks
  3 basilisks
  Menkaure (D:5)
  Eustachio (D:6)
  A swamp worm (Swamp:1)
  Duvessa (D:5)
  16 water moccasins
  11 porcupines
  A swamp drake (Swamp:1)
  4 orc warriors
  A sky beast (D:5)
  2 phantoms
  4 black bears
  8 ogres
  A necrophage (D:8)
  4 centaurs
  11 crocodiles
  A big kobold (D:8)
  Blork the orc (D:6)
  16 bullfrogs
  2 gnoll sergeants
  Dowan (D:5)
  4 scorpions
  14 killer bees (D:9)
  10 wights (D:7)
  A howler monkey (D:6)
  3 electric eels
  5 crimson imps
  A quasit (D:7)
  9 hounds
  6 orc priests
  2 jellies
  Crazy Yiuf (D:2)
  2 gnoll shamans
  Jessica (D:2)
  3 iguanas
  Natasha (D:2)
  7 orc wizards
  9 worker ants
  Ijyb (D:4)
  A hound skeleton (D:9)
  Robin (D:2)
  A howler monkey zombie (D:6)
  A worker ant zombie (D:5)
  17 gnolls
  13 adders
  5 shadow imps
  An adder skeleton (D:5)
  4 worms
  3 dart slugs
  5 leopard geckos
  33 orcs
  3 ball pythons
  10 giant cockroaches
  13 goblins
  20 hobgoblins
  7 jackals
  14 kobolds
  4 quokkas
  8 bats
  6 frilled lizards
  2 leopard gecko skeletons
  2 quokka skeletons
  A quokka zombie (D:6)
  5 rats
  A bush (Lair:3)
  2 fungi
  3 plants
457 creatures vanquished.

Vanquished Creatures (collateral kills)
  2 hell hounds (D:9)
  An electric eel (Lair:3)
  An orc priest (D:9)
4 creatures vanquished.

Vanquished Creatures (others)
  3 humans (Lair:5)
  12 fungi
  15 plants
30 creatures vanquished.

Grand Total: 491 creatures vanquished

Notes
Turn   | Place    | Note
-------+----------+-------------------------------------------
     0 | D:1      | skiige the Minotaur Berserker began the quest for the Orb.
     0 | D:1      | Reached XP level 1. HP: 19/19 MP: 0/0
   268 | D:1      | Reached XP level 2. HP: 25/27 MP: 1/1
   543 | D:1      | Reached skill level 4 in Axes
   547 | D:1      | Reached ** piety under Trog
   696 | D:2      | Noticed Jessica
   707 | D:1      | Reached XP level 3. HP: 29/33 MP: 2/2
   750 | D:2      | Killed Jessica
   755 | D:2      | Reached XP level 4. HP: 34/41 MP: 3/3
   756 | D:2      | Found a burning altar of Makhleb.
   757 | D:2      | Noticed Robin
   924 | D:2      | Killed Robin
  1146 | D:2      | Reached *** piety under Trog
  1261 | D:2      | Found a runed door.
  1316 | D:2      | Reached skill level 5 in Axes
  1455 | D:2      | Noticed Crazy Yiuf
  1459 | D:2      | Killed Crazy Yiuf
  1459 | D:2      | Reached XP level 5. HP: 47/47 MP: 4/4
  1506 | D:3      | Noticed Natasha
  1529 | D:2      | Killed Natasha
  1529 | D:2      | Reached skill level 5 in Fighting
  1529 | D:2      | Reached skill level 1 in Stealth
  1844 | D:3      | Found a snail-covered altar of Cheibriados.
  2247 | D:4      | Reached skill level 6 in Axes
  2257 | D:4      | Reached XP level 6. HP: 51/56 MP: 5/5
  2275 | D:4      | Noticed Ijyb
  2287 | D:4      | Killed Ijyb
  2385 | D:4      | Reached skill level 7 in Axes
  2494 | D:4      | Reached **** piety under Trog
  2502 | D:4      | Reached XP level 7. HP: 59/61 MP: 6/6
  2563 | D:4      | Noticed Sigmund
  2577 | D:4      | Killed Sigmund
  2577 | D:4      | Reached skill level 8 in Axes
  2948 | D:4      | Found a staircase to the Ecumenical Temple.
  3047 | D:5      | Entered Level 5 of the Dungeon
  3080 | D:5      | Reached XP level 8. HP: 50/70 MP: 7/7
  3117 | D:5      | Reached skill level 9 in Axes
  3396 | D:5      | Noticed dracomuter's ghost (novice HuWn)
  3412 | D:5      | Killed dracomuter's ghost
  3412 | D:5      | Reached skill level 10 in Axes
  3412 | D:5      | Reached skill level 5 in Armour
  3670 | D:5      | Noticed Menkaure
  3679 | D:5      | Killed Menkaure
  3683 | D:5      | Noticed Dowan
  3684 | D:5      | Noticed Duvessa
  3690 | D:5      | Killed Duvessa
  3690 | D:5      | Reached skill level 5 in Dodging
  3697 | D:5      | Killed Dowan
  3950 | D:5      | Reached XP level 9. HP: 78/78 MP: 8/8
  4265 | D:6      | Found a glowing drain.
  4370 | D:6      | Found a shimmering altar of Xom.
  4424 | D:6      | Noticed Eustachio
  4443 | D:6      | Killed Eustachio
  4443 | D:6      | Reached ***** piety under Trog
  4462 | D:6      | Reached skill level 11 in Axes
  4481 | D:6      | Noticed Blork the orc
  4491 | D:6      | Killed Blork the orc
  4491 | D:6      | Received a gift from Trog
  4802 | D:6      | Found a stormy altar of Qazlal.
  5058 | D:7      | Noticed Bergy's ghost (novice MiFi)
  5078 | D:7      | Killed Bergy's ghost
  5078 | D:7      | Reached skill level 12 in Axes
  5246 | D:7      | Reached XP level 10. HP: 87/88 MP: 3/9
  5576 | D:7      | Noticed Prince Ribbit
  5577 | D:7      | Killed Prince Ribbit
  5620 | D:8      | Noticed a two-headed ogre
  5627 | D:8      | Reached skill level 13 in Axes
  5633 | D:8      | Killed a two-headed ogre
  5664 | D:8      | Found a flagged portal.
  6088 | D:8      | Noticed a two-headed ogre
  6098 | D:8      | Reached skill level 14 in Axes
  6100 | D:8      | Killed a two-headed ogre
  6344 | D:8      | Found a white marble altar of Elyvilon.
  6471 | D:8      | Found a blossoming altar of Fedhas.
  6560 | D:8      | Found an ornate altar of the Wu Jian Council.
  6619 | D:8      | Found a glowing golden altar of the Shining One.
  6971 | D:9      | Reached XP level 11. HP: 97/97 MP: 3/10
  6995 | D:9      | Found Suunig's Book Shop.
  7008 | D:9      | Found a staircase to the Lair.
  7016 | D:9      | Got a heavily runed chain mail
  7056 | D:9      | Identified the +5 chain mail of Litatud {-Tele Str+4 Int+4} (You found it on level 9 of the Dungeon)
  7627 | D:9      | Received a gift from Trog
  7632 | D:9      | Got a faintly glowing executioner's axe {god gift}
  7637 | D:9      | Identified the +5 executioner's axe "Refruhop" {chop, rF+ rN+} (Trog gifted it to you on level 9 of the Dungeon)
  7916 | D:9      | Found a shimmering altar of Xom.
  7953 | D:9      | Reached skill level 15 in Axes
  8025 | Lair:1   | Entered Level 1 of the Lair of Beasts
  8163 | Lair:1   | Reached skill level 10 in Fighting
  8222 | Lair:1   | Reached skill level 10 in Armour
  8755 | Lair:2   | Reached skill level 16 in Axes
  9035 | Lair:2   | Reached XP level 12. HP: 100/108 MP: 11/11
  9084 | Lair:2   | Found a stormy altar of Qazlal.
  9223 | Lair:2   | Noticed Erica
  9229 | Lair:2   | Killed Erica
  9258 | Lair:2   | Found a staircase to the Snake Pit.
  9391 | Lair:2   | Noticed Fannar
  9404 | Lair:2   | Killed Fannar
  9404 | Lair:2   | Reached skill level 17 in Axes
  9899 | Lair:3   | Noticed Nergalle
  9907 | Lair:3   | Killed Nergalle
 10111 | Lair:3   | Received a gift from Trog
 10156 | Lair:3   | Noticed a seven-headed hydra
 10162 | Lair:3   | Killed a six-headed hydra
 10741 | Lair:3   | Reached skill level 18 in Axes
 10845 | Lair:3   | Noticed a catoblepas
 10851 | Lair:3   | Killed a catoblepas
 11103 | Lair:4   | Found a staircase to the Swamp.
 11141 | Lair:4   | Noticed a seven-headed hydra
 11146 | Lair:4   | Killed a five-headed hydra
 11231 | Lair:4   | Reached skill level 1 in Long Blades
 11243 | Lair:4   | Reached XP level 13. HP: 86/117 MP: 12/12
 11879 | Swamp:1  | Entered Level 1 of the Swamp
 11906 | Swamp:1  | Noticed a thorn hunter
 11917 | Swamp:1  | Killed a thorn hunter
 11958 | Lair:5   | Noticed Kirke
 11962 | Lair:5   | Killed Kirke
 11992 | Lair:5   | Noticed Dyme's ghost (adept GrVM)
 12007 | Lair:5   | Killed Dyme's ghost
 12007 | Lair:5   | Reached skill level 19 in Axes
 12457 | Lair:5   | Found a dark tunnel.
 12594 | Lair:6   | Entered Level 6 of the Lair of Beasts
 13599 | Lair:6   | HP: 5/119 [black mamba (3)]
 13600 | Lair:6   | Slain by a black mamba

Skill      XL: |  1  2  3  4  5  6  7  8  9 10 11 12 13 |
---------------+----------------------------------------+-----
Fighting       | 4 5 6 7 9 10 11 12 | 12.9
Axes           | 4 5 6 7 8 10 12 14 16 18 19 | 19.3
Dodging        | 3 4 5 6 |  6.6
Stealth        | 1 2 |  2.5
Armour         | 3 4 5 8 9 10 11 12 | 12.6
Long Blades    | 1 3 |  3.7

Action                   |  1- 3 |  4- 6 |  7- 9 | 10-12 | 13-15 || total
-------------------------+-------+-------+-------+-------+-------++-------
Melee: Hand axe          |    53 |   144 |   198 |       |       ||   395
       Headbutt          |     8 |    29 |    59 |    96 |    30 ||   222
       Battleaxe         |       |       |    79 |   225 |       ||   304
       Executioner's axe |       |       |       |   229 |   116 ||   345
       Scimitar          |       |       |       |     4 |    22 ||    26
Invok: Berserk           |     2 |     6 |     6 |    12 |     5 ||    31
       Trog's Hand       |       |       |     1 |     7 |     1 ||     9
       Brothers in Arms  |       |       |       |     2 |       ||     2
Evoke: Wand              |       |       |       |       |     3 ||     3
  Use: Scroll            |     4 |     3 |     1 |    11 |     9 ||    28
 Stab: Sleeping          |     1 |       |       |       |       ||     1
       Distracted        |       |     1 |       |       |       ||     1
  Eat: Ration            |     1 |     2 |     4 |     8 |     3 ||    18
       Chunk             |       |     2 |     3 |    10 |       ||    15
Armor: Animal skin       |     9 |    17 |       |       |       ||    26
       Ring mail         |       |    14 |    10 |       |       ||    24
       Chain mail        |       |       |    37 |   172 |   113 ||   322
       Plate armour      |       |       |   109 |   120 |       ||   229
Dodge: Dodged            |    31 |    95 |   128 |   311 |   102 ||   667
Block: Other             |       |       |       |    12 |    19 ||    31
       Reflection        |       |       |       |       |     1 ||     1
       Rpst.: Scimitar   |       |       |       |     2 |     5 ||     7
